 Dungeon Crawl Stone Soup version 0.30-a0-122-g2a1322497e (webtiles) character file.

Game seed: 3884698754991613400

48 porpoise the Shooter (level 4, -9/40 HPs)
             Began as a Kobold Hexslinger on Sept 16, 2022.
             Mangled by Sigmund
             ... wielding a +0 scythe
              (12 damage)
             ... on level 2 of the Dungeon.
             The game lasted 00:07:41 (1946 turns).

porpoise the Shooter (Kobold Hexslinger)            Turns: 1946, Time: 00:07:41

Health: -9/40      AC: 22    Str:  7    XL:     4   Next: 0%
Magic:  4/5        EV:  3    Int: 16    God:
Gold:   39         SH:  0    Dex: 15    Spells: 1/5 levels left

rFire   . . .      SeeInvis .    a - +1 sling (freeze)
rCold   . . .      Faith    .    (no shield)
rNeg    . . .      Spirit   .    (body armour currently unavailable)
rPois   +          Reflect  .    (helmet currently unavailable)
rElec   .          Harm     .    (cloak currently unavailable)
rCorr   .          Rampage  .    (gloves currently unavailable)
Will    .....      NoTele   +    (boots currently unavailable)
Stlth   ++........               (no amulet)
HPRegen 0.13/turn                (no ring)
MPRegen 0.09/turn                (no ring)

@: tree-form, silenced
A: stationary, stasis, torment immunity, boosted hp, small, no large weapons,
nightstalker 3
a: no special abilities


You were on level 2 of the Dungeon.
You were a tree.
You visited 1 branch of the dungeon, and saw 2 of its levels.

You collected 39 gold pieces.

Inventory:

Hand Weapons
 a - a +1 sling of freezing (weapon)
 b - a +0 dagger
Armour
 d - a +0 ring mail
 e - a +0 robe (melded)
 i - a +0 helmet (melded)
Scrolls
 c - a scroll of vulnerability
 g - a scroll of poison
 k - a scroll of brand weapon


   Skills:
 + Level 2.3 Fighting
 + Level 3.7 Ranged Weapons
 - Level 2.4 Dodging
 + Level 2.5 Stealth
 - Level 1.1 Spellcasting
 - Level 3.0 Hexes


You had one spell level left.
You knew the following spells:

 Your Spells              Type           Power      Damage    Failure   Level
a - Slow                  Hex            40%        N/A       7%          1
b - Frozen Ramparts       Ice            0%         1d1       56%         3

Your spell library contained the following spells:

 Spells                   Type           Power      Damage    Failure   Level
 Shock                    Conj/Air       0%         1d3       22%         1
 Inner Flame              Hex/Fire       5%         N/A       36%         3
 Portal Projectile        Hex/Tloc       10%        N/A       36%         3
 Cause Fear               Hex            5%         N/A       54%         4
 Swiftness                Air            0%         N/A       56%         3
 Airstrike                Air            0%         2d(0-16)  92%         4
 Ice Form                 Ice/Tmut       0%         N/A       92%         4
 Summon Ice Beast         Ice/Summ       0%         N/A       92%         4


Dungeon Overview and Level Annotations

Branches:
Dungeon (2/15)

Altars:

Shops:
D:2 =

Annotations:
D:2 Sigmund


Innate Abilities, Weirdness & Mutations

You are a tree.
Your roots penetrate the ground, keeping you stationary.
You cannot be teleported.
You are immune to unholy pain and torment.
Your maximum health is greatly increased.
Your equipment is partially melded.
You are small and have problems with some larger weapons.
You are completely attuned to the shadows.


Message History

Ouch! That really hurt!
* * * LOW HITPOINT WARNING * * *
It was a potion of lignification.
You turn into a tree.
Your +0 helmet melds into your body.
Your +0 robe melds into your body.
Your roots penetrate the ground.
As you read the scroll labelled QAASMI PIGH, it crumbles to dust.
It is a scroll of identify.
c - a scroll of vulnerability Something hits you but does no damage.
You aren't carrying any potions.
As you read the scroll labelled RAX NIFECWODWI, it crumbles to dust.
A profound silence engulfs you.
It was a scroll of silence.
Fire: a) +1 sling (freeze)
Press: ? - help, Q - select action, (/) - cycle Shift-Dir - straight line, f - you Really target yourself?
Okay, then.
Fire: a) +1 sling (freeze)
Press: ? - help, Q - select action, (/) - cycle Shift-Dir - straight line You shoot a sling bullet.
Something hits you but does no damage.
Unknown command.
Fire: a) +1 sling (freeze)
Press: ? - help, Q - select action, (/) - cycle Shift-Dir - straight line You shoot a sling bullet.
Unknown command.
Fire: a) +1 sling (freeze)
Press: ? - help, Q - select action, (/) - cycle Shift-Dir - straight line You shoot a sling bullet.
Something hits you.
* * * LOW HITPOINT WARNING * * *
Unknown command.
Fire: a) +1 sling (freeze)
Press: ? - help, Q - select action, (/) - cycle Shift-Dir - straight line You shoot a sling bullet.
Unknown command.
Fire: a) +1 sling (freeze)
Press: ? - help, Q - select action, (/) - cycle Shift-Dir - straight line You shoot a sling bullet.
Something hits you!
You die...

#############
########...........#
.........#########.#
.........# #.#
########.# #.# # #.#
#.# # #.# #######.#
# ... .....##.### #
.....♣(≈≈≈.. ###
###.#≈≈≈≈≈. ...
#{#≈~∩≈≈. ###
#..≈≈.~≈. ###.~.~#
..


There were no monsters in sight!

Vanquished Creatures
  A worm (D:2)
  3 ball pythons
  3 endoplasms
  2 giant cockroaches (D:1)
  2 goblins
  7 hobgoblins
  9 jackals
  4 kobolds
  2 quokkas (D:2)
  3 bats
  A frilled lizard (D:1)
37 creatures vanquished.

Vanquished Creatures (others)
  5 toadstools (D:1)
5 creatures vanquished.

Grand Total: 42 creatures vanquished

Notes
Turn   | Place    | Note
-------+----------+-------------------------------------------
     0 | D:1      | porpoise the Kobold Hexslinger began the quest for the Orb.
     0 | D:1      | Reached XP level 1. HP: 12/12 MP: 2/2
   249 | D:1      | Reached skill level 1 in Stealth
   254 | D:1      | Reached XP level 2. HP: 16/16 MP: 3/3
   903 | D:1      | Reached XP level 3. HP: 21/21 MP: 2/4
  1764 | D:2      | Learned a level 3 spell: Frozen Ramparts
  1838 | D:2      | Reached XP level 4. HP: 26/27 MP: 3/5
  1922 | D:2      | Found Jazys's Jewellery Shoppe.
  1925 | D:2      | Noticed Sigmund
  1946 | D:2      | Mangled by Sigmund

Illustrated notes

Levels and vault maps discovered:
D:1:      ldierk_walled_garden, layout_rooms
D:2:      cheibrodos_old_hovel, layout_loops_ring,
          shapermc_ecumenical_altar_notcrosses, serial_shops,
          nicolae_shop_waterfront, serial_bayou_pond_e, uniq_sigmund

Skill      XL: |  1  2  3 |
---------------+----------+-----
Stealth        | 1 2 |  2.5
Ranged Weapons | 3 |  3.7
Fighting       | 2 |  2.3
Dodging        | |  2.4
Spellcasting   | |  1.1
Hexes          | |  3.0

Action                   |  1- 3 |  4- 6 || total
-------------------------+-------+-------++-------
Melee: Dagger            |     7 |     2 ||     9
 Fire: Sling             |    96 |     9 ||   105
 Cast: Slow              |    17 |     2 ||    19
  Use: Scroll            |       |     3 ||     3
       Potion            |       |     1 ||     1
 Stab: Sleeping          |     1 |       ||     1
Armor: Robe              |    16 |       ||    16
       Skin              |       |     2 ||     2
Dodge: Dodged            |    67 |     2 ||    69

Table legend: (Time is in decaauts)
 A = Elapsed time spent in this place.
 B = Non-inter-level travel time spent in this place.
 C = Inter-level travel time spent in this place.
 D = Time resting spent in this place.
 E = Time spent auto-exploring this place.
 F = Levels seen in this place.
 G = Mean time per level.
                   A        B        C        D        E       F      G
               +--------+--------+--------+--------+--------+-----+--------+
         Total |   1971 |   1937 |     34 |    806 |    787 |   2 |  985.5 |
       Dungeon |   1971 |   1937 |     34 |    806 |    787 |   2 |  985.5 |
               +--------+--------+--------+--------+--------+-----+--------+

Top non-repeatable levels by time:
     D:1: 1316 daAuts
     D:2: 655 daAuts
